 Dungeon Crawl Stone Soup version 0.31.0-32-g396128a36d (webtiles) character file.

Game seed: 10242497693323991535

937 Doomgape the Firebug (level 8, -5/41 HPs)
             Began as a Tengu Fire Elementalist on Mar 22, 2024.
             Was an Initiate of Vehumet.
             Killed by divine providence
             ... invoked by an orc priest
              (11 damage)
             ... on level 5 of the Dungeon.
             The game lasted 00:20:13 (5716 turns).

Doomgape the Firebug (Tengu Fire Elementalist)      Turns: 5716, Time: 00:20:13

Health: -5/41      AC:  2    Str:  8    XL:     8   Next: 12%
Magic:  2/14       EV: 33    Int: 17    God:    Vehumet [......]
Gold:   259        SH:  0    Dex: 16    Spells: 6/13 levels left

rFire   . . .        l - +1 short sword
rCold   . . .        (no shield)
rNeg    . . .        a - +0 robe
rPois   .            (helmet restricted)
rElec   .            (no cloak)
rCorr   .            (no gloves)
SInv    .            (boots unavailable)
Will    .....        (no amulet)
Stlth   +++          (no ring)
HPRegen 0.26/turn    (no ring)
MPRegen 0.14/turn

%: acrobat
@: acrobatic, flying
A: beak, talons 3, evasive flight, acrobatic
a: Renounce Religion


You were on level 5 of the Dungeon.
You worshipped Vehumet.
Vehumet was noncommittal.
You visited 2 branches of the dungeon, and saw 6 of its levels.

You collected 259 gold pieces.

Inventory:

Hand Weapons
 l - a +1 short sword (weapon)
Armour
 a - a +0 robe (worn)
Wands
 k - a wand of light (8)
 m - a wand of digging (2)
Scrolls
 c - a scroll of silence
 f - a scroll of teleportation
 g - a scroll of identify
Potions
 b - a potion of magic
 d - 2 potions of brilliance
 e - a potion of curing
 h - a potion of berserk rage
 i - a potion of might
 j - a potion of invisibility {unknown}
 n - a potion of mutation {unknown}
 o - a potion of heal wounds


   Skills:
 + Level 5.0 Dodging
 + Level 4.9 Stealth
 - Level 3.4 Spellcasting
 + Level 5.5 Conjurations
 + Level 5.6 Fire Magic


You had 6 spell levels left.
You knew the following spells:

 Your Spells              Type           Power      Damage    Failure   Level
a - Foxfire               Conj/Fire      88%        2x1d8     1%          1
b - Scorch                Fire           44%        2d6       2%          2
c - Flame Wave            Conj/Fire      22%        2d8       17%         4

Your spell library contained the following spells:

 Spells                   Type           Power      Damage    Failure   Level
 Inner Flame              Hex/Fire       12%        N/A       16%         3
 Volatile Blastmotes      Fire/Tloc      24%        2d12      16%         3
 Call Imp                 Summ           4%         N/A       26%         2
 Sublimation of Blood     Necr           2%         N/A       26%         2
 Summon Hydra             Summ           1%         N/A       100%        7


Dungeon Overview and Level Annotations

Branches:
Dungeon (5/15)             Temple (1/1) D:5

Altars:
Ashenzari
Cheibriados
Dithmenos
Elyvilon
Gozag
Hepliaklqana
Kikubaaqudgha
Okawaru
Qazlal
Sif Muna
Trog
Uskayaw
Vehumet
Xom
Yredelemnul
The Shining One

Shops:
D:4 =

Annotations:
D:4 1 runed translucent door


Innate Abilities, Weirdness & Mutations

You have a beak for a mouth.
You have claws for feet.
Your magical flight helps you evade attacks. (EV +4)
You can magically evade attacks while moving or waiting.


Message History

The orc priest is severely wounded.
The orc priest's fire resistance burns away.
Casting: Scorch (safe; 2% risk of failure)
Confirm with . or Enter, or press ? or * to list all spells.
You conjure some foxfire!
The orc priest looks braver for a moment.
Unknown command.
The foxfire hits the orc priest but does no damage.
The orc priest is heavily wounded.
The foxfire hits the orc priest.
The orc priest is burned terribly!
The orc priest is almost dead.
Casting: Foxfire (safe; 1% risk of failure)
Confirm with . or Enter, or press ? or * to list all spells.
You conjure some foxfire!
The orc priest calls down the wrath of Beogh upon you.
Beogh smites you!
* * * LOW HITPOINT WARNING * * *
Your magical contamination has completely faded away.
Your foxfire dissipates!
The orc priest is no longer more vulnerable to fire.
The foxfire hits the orc.
The orc is severely wounded.
The orc priest looks braver for a moment.
As you read the scroll of fear, it crumbles to dust.
You assume a fearsome visage.
The orc priest looks frightened!
The orc looks frightened!
The orc priest looks frightened!
The orc looks frightened!
Unknown command.
Unknown command.
Casting: Foxfire (safe; 1% risk of failure)
Confirm with . or Enter, or press ? or * to list all spells.
You conjure some foxfire!
Your foxfire dissipates!
The foxfire hits the orc.
The orc is almost dead.
Your attack snaps the orc out of its fear.
Cornered, the orc priest turns to fight!
The orc priest calls down the wrath of Beogh upon you.
Beogh smites you!
You die...

#.........#####......###+######
#.........#...+...o............
#.........#...#...o............
#.........#...#....)o..........
#.........#...#....$...........
#.........#...#...>!..o........
#.########....########.....####
#..#........>...§§...o#.....# #
#...........@..§...#.....+
#<.....⌠.⌠.⌠...o...o.....#
###..#.8.8.8..##..##.o...#
#..#.......###..#.........
.................#.........
..................#....(....
....................#.........+
............##......#.........
............######### .......


You could see an orc priest and 2 orcs.

Vanquished Creatures
  Grinder (D:4)
  3 ogres (D:5)
  A scorpion (D:5)
  A bombardier beetle (D:3)
  A hound (D:4)
  A jelly (D:5)
  A sleepcap (D:5)
  Ijyb (D:4)
  2 iguanas (D:4)
  An orc wizard (D:5)
  4 gnolls (D:4)
  10 adders
  2 dart slugs
  A ribbon worm (D:2)
  An orc (D:4)
  10 ball pythons
  5 bats
  3 endoplasms
  5 giant cockroaches
  10 goblins
  9 hobgoblins
  A quokka (D:2)
  5 frilled lizards
  11 kobolds
  5 rats
95 creatures vanquished.

Vanquished Creatures (others)
  324 foxfires
324 creatures vanquished.

Grand Total: 419 creatures vanquished

Notes
Turn   | Place    | Note
-------+----------+-------------------------------------------
     0 | D:1      | Doomgape the Tengu Fire Elementalist began the quest for
                  | the Orb.
     0 | D:1      | Reached XP level 1. HP: 10/10 MP: 4/4
   296 | D:1      | Reached XP level 2. HP: 15/15 MP: 4/6
  1182 | D:1      | Found a faded altar of an unknown god.
  1250 | D:1      | Reached XP level 3. HP: 19/19 MP: 2/7
  1542 | D:2      | Learned a level 2 spell: Scorch
  1947 | D:2      | Reached XP level 4. HP: 22/24 MP: 1/8
  2534 | D:2      | Identified the +7 dagger of Qeicell {vamp, rN+ Str+2}
  3025 | D:3      | Reached XP level 5. HP: 20/28 MP: 4/10
  4234 | D:4      | Found an iron altar of Okawaru.
  4305 | D:4      | Reached XP level 6. HP: 14/32 MP: 2/11
  4641 | D:4      | Noticed Grinder
  4655 | D:4      | Paralysed by Grinder for 4 turns
  4656 | D:4      | Killed Grinder
  4657 | D:4      | Gained mutation: Your magical flight helps you evade
                  | attacks. (EV +4) [Tengu growth]
  4657 | D:4      | Reached XP level 7. HP: 26/36 MP: 2/13
  4771 | D:4      | Noticed Ijyb
  4788 | D:4      | Killed Ijyb
  4797 | D:4      | Learned a level 4 spell: Flame Wave
  4883 | D:4      | Found a shimmering blue altar of Sif Muna.
  4915 | D:4      | Reached skill level 5 in Fire Magic
  5026 | D:4      | Found Ucan's Jewellery Emporium.
  5294 | D:4      | Found a runed translucent door.
  5322 | D:5      | Entered Level 5 of the Dungeon
  5326 | D:5      | Found a staircase to the Ecumenical Temple.
  5337 | Temple   | Entered the Ecumenical Temple
  5361 | Temple   | Became a worshipper of Vehumet
  5566 | D:5      | Reached skill level 5 in Conjurations
  5663 | D:5      | Reached skill level 5 in Dodging
  5663 | D:5      | Reached XP level 8. HP: 41/41 MP: 6/14
  5716 | D:5      | Killed from afar by an orc priest

Illustrated notes

Levels and vault maps discovered:
D:1:      dpeg_arrival_morbid_curiosity, layout_loops_corners,
          shapermc_ecumenical_altar_mp_highgroup
D:2:      layout_basic
D:3:      layout_loops_corners, roderic_serpentine_path,
          minmay_misc_feat_square, grunt_ministairs_4, amethyst_killhole
D:4:      layout_gridville, mainiacjoe_overflow_tiny_flanked,
          mainiacjoe_overflow_surrounded_room, serial_shops,
          nicolae_shop_tiny_waterfront, uniq_ijyb, uniq_grinder,
          uniq_crazy_yiuf_cottage
D:5:      cheibrodos_fertilizer, layout_gridville, tgw_fedhas,
          minmay_temple_entry_drinking_statues
Temple:   nicolae_temple_superstar

Skill      XL: |  1  2  3  4  5  6  7 |
---------------+----------------------+-----
Conjurations   | 2 3 4 5 |  5.5
Dodging        | 3 4 5 |  5.0
Fire Magic     | 4 5 |  5.6
Stealth        | 3 4 |  4.9
Spellcasting   | 3 |  3.4

Action                     |  1- 3 |  4- 6 |  7- 9 || total
---------------------------+-------+-------+-------++-------
  Melee: Unarmed           |     3 |       |       ||     3
         Kick              |     2 |       |       ||     2
         Short sword       |       |     1 |       ||     1
   Cast: Foxfire           |    70 |   120 |    50 ||   240
         Scorch            |     1 |     4 |     7 ||    12
    Use: Scroll            |     2 |     5 |     7 ||    14
         Potion            |       |       |     1 ||     1
   Stab: Sleeping          |     1 |       |       ||     1
 Armour: Robe              |    15 |    13 |    14 ||    42
  Dodge: Dodged            |    45 |    25 |    15 ||    85
